 Dungeon Crawl Stone Soup version 0.30-a0-1053-gbd8d5ba0ad (webtiles) character file.

Game seed: 4248261798659865853

21 qeuew the Conjurer (level 2, -1/22 HPs)
             Began as a Demonspawn Reaver on Apr 11, 2023.
             Frozen to death by an endoplasm (5 damage)
             ... on level 1 of the Dungeon.
             The game lasted 00:00:52 (627 turns).

qeuew the Conjurer (Demonspawn Reaver)               Turns: 627, Time: 00:00:52

Health: -1/22      AC:  3    Str: 12    XL:     2   Next: 62%
Magic:  5/5        EV: 11    Int: 14    God:
Gold:   61         SH:  0    Dex: 11    Spells: 4/5 levels left

rFire   . . .      SeeInvis .    a - +0 mace
rCold   . . .      Faith    .    (no shield)
rNeg    . . .      Spirit   .    b - +0 leather armour
rPois   .          Reflect  .    (no helmet)
rElec   .          Rampage  .    (no cloak)
rCorr   .                        (no gloves)
Will    .....                    (no boots)
Stlth   +                        (no amulet)
HPRegen 0.23/turn                (no ring)
MPRegen 0.09/turn                (no ring)

@: no status effects
A: hooves 1
a: no special abilities


You were on level 1 of the Dungeon.
You visited 1 branch of the dungeon, and saw 1 of its levels.

You collected 61 gold pieces.

Inventory:

Hand Weapons
 a - a +0 mace (weapon)
Armour
 b - a +0 leather armour (worn)
Scrolls
 c - 2 scrolls of vulnerability {unknown}
Potions
 d - 2 potions of curing {unknown}
 e - 2 potions of degeneration {unknown}
 f - a potion of invisibility {unknown}


   Skills:
 + Level 2.1 Fighting
 + Level 2.8 Maces & Flails
 + Level 0.4 Armour
 + Level 1.9 Dodging
 * Level 2.4 Spellcasting
 + Level 3.1 Conjurations


You had 4 spell levels left.
You knew the following spells:

 Your Spells              Type           Power      Damage    Failure   Level
a - Kiss of Death         Conj/Necr      24%        2d7       16%         1

Your spell library contained the following spells:

 Spells                   Type           Power      Damage    Failure   Level
 Momentum Strike          Conj/Tloc      12%        3d8       22%         2
 Blink                    Tloc           2%         N/A       41%         2
 Lesser Beckoning         Tloc           2%         N/A       41%         2
 Hailstorm                Conj/Ice       6%         3d4       41%         3


Dungeon Overview and Level Annotations

Branches:
Dungeon (1/15)

Altars:


Innate Abilities, Weirdness & Mutations

You have large cloven feet.


Message History

There are monsters nearby!
There are monsters nearby!
You hit the kobold but do no damage. Your kick misses the kobold.
The kobold hits you with a +0 short sword.
The endoplasm hits you.
The kobold hits you with a +0 short sword.
There are monsters nearby!
You barely miss the kobold. The endoplasm hits you.
The kobold hits you with a +0 short sword.
You are too injured to fight recklessly!
There are monsters nearby!
You are too injured to fight recklessly!
There are monsters nearby!
You are too injured to fight recklessly!
You are too injured to fight recklessly!
You are too injured to fight recklessly!
You are too injured to fight recklessly!
You are too injured to fight recklessly!
You are too injured to fight recklessly!
You are too injured to fight recklessly!
You barely miss the kobold. You kick the kobold, but do no damage.
The endoplasm hits you but does no damage.
The kobold closely misses you.
You closely miss the kobold. You kick the kobold.
The kobold is moderately wounded.
The endoplasm jiggles.
The endoplasm freezes you.
You are frozen.
The kobold hits you with a +0 short sword.
You closely miss the kobold.
The kobold is moderately wounded.
The endoplasm closely misses you.
The kobold hits you with a +0 short sword.
* * * LOW HITPOINT WARNING * * *
The endoplasm closely misses you. The kobold barely misses you.
You completely miss the kobold. You kick the kobold, but do no damage.
The kobold is moderately wounded.
The endoplasm freezes you.
You are frozen.
You die...

....####.#.##############.##.##.#
....##.....................#.##..
....##)#.##########.....####.####
....##.#..........'..............
....##.############.....####.####
....##.######.....########.......
.................................
....###.#####.....########.#.####
....# #.# #...@.# #.#..... ....#
#.# #..K.J...... #.#####.
#######.#####........... #.......
#.....##$.......... #.......
#.....#######...[.. #.......
######.....### ...... #.......
............... ...... #.......
############### ...... ######## #


You could see an endoplasm and a kobold.

Vanquished Creatures
  2 bats (D:1)
  3 endoplasms (D:1)
  A giant cockroach (D:1)
  A goblin (D:1)
  5 hobgoblins (D:1)
  2 quokkas (D:1)
  A ball python (D:1)
  A frilled lizard (D:1)
  A rat (D:1)
17 creatures vanquished.

Notes
Turn   | Place    | Note
-------+----------+-------------------------------------------
     0 | D:1      | qeuew the Demonspawn Reaver began the quest for the Orb.
     0 | D:1      | Reached XP level 1. HP: 16/16 MP: 3/3
   256 | D:1      | Discovered your monstrous ancestry.
   256 | D:1      | Gained mutation: You have large cloven feet. [demonic
                  | ancestry]
   256 | D:1      | Reached XP level 2. HP: 22/22 MP: 5/5
   627 | D:1      | Frozen to death by an endoplasm

Illustrated notes

Levels and vault maps discovered:
D:1:      dpeg_arrival_water_altar, layout_basic, minmay_misc_feat_chi

Action                     || total
---------------------------++-------
  Melee: Mace              ||    47
         Kick              ||     4
   Stab: Sleeping          ||     1
 Armour: Leather armour    ||    10
  Dodge: Dodged            ||    32

Table legend: (Time is in decaauts)
 A = Elapsed time spent in this place.
 B = Non-inter-level travel time spent in this place.
 C = Inter-level travel time spent in this place.
 D = Time resting spent in this place.
 E = Time spent auto-exploring this place.
 F = Levels seen in this place.
 G = Mean time per level.
                   A        B        C        D        E       F      G
               +--------+--------+--------+--------+--------+-----+--------+
         Total |    639 |    639 |      0 |      0 |    524 |   1 |  639.0 |
       Dungeon |    639 |    639 |      0 |      0 |    524 |   1 |  639.0 |
               +--------+--------+--------+--------+--------+-----+--------+

Top non-repeatable levels by time:
     D:1: 639 daAuts
